 Dungeon Crawl Stone Soup version 0.28-a0-851-g8b9cc49659 (webtiles) character file.

Game seed: 16735494287381661934

301 Strat the Magician (level 6, -1/48 HPs)
             Began as a Djinni Ice Elementalist on Nov 14, 2021.
             Slain by a phantom (2 damage)
             ... on level 3 of the Dungeon.
             The game lasted 00:10:09 (4771 turns).

Strat the Magician (Djinni Ice Elementalist)        Turns: 4771, Time: 00:10:09

Health: -1/48      AC:  9    Str:  7    XL:     6   Next: 64%
Gold:   68         EV: 12    Int: 19    God:
                   SH:  0    Dex: 13

rFire   + + .      SeeInvis .   a - +1 short sword (protect)
rCold   . . .      Faith    .   (no shield)
rNeg    . . .      Spirit   .   g - +0 robe
rPois   ∞          Reflect  .   (no helmet)
rElec   .          Harm     .   (no cloak)
rCorr   .          Rampage  .   (no gloves)
Will    .....                   (boots unavailable)
Stlth   ++........              j - amulet of the acrobat
HPRegen 0.16/turn               l - ring of protection from cold
MPRegen 0.00/turn               (no ring)

@: under a protective aura, flying
A: sickness immunity, fire resistance 2, cold vulnerability 1, float, innate
caster, hp casting, extra vitality 1
a: no special abilities


You were on level 3 of the Dungeon.
You visited 1 branch of the dungeon, and saw 4 of its levels.

You collected 68 gold pieces.

Inventory:

Hand Weapons
 a - a +1 short sword of protection (weapon)
 b - a +0 dagger
Missiles
 c - 5 boomerangs of dispersal
 h - 14 stones
Armour
 g - a +0 robe (worn)
Jewellery
 j - an amulet of the acrobat (around neck)
 l - a ring of protection from cold (left hand)
Wands
 f - a wand of charming (4)
Scrolls
 k - a scroll of enchant weapon
Potions
 e - 3 potions of mutation {unknown}
 i - a potion of heal wounds {unknown}
 m - a potion of lignification {unknown}
 n - a potion of brilliance {unknown}


   Skills:
 - Level 4.3 Fighting
 - Level 2.1 Dodging
 - Level 1.5 Stealth
 + Level 4.6 Spellcasting


You couldn't memorise any spells.
You knew the following spells:

 Your Spells              Type           Power      Damage    Failure   Level
a - Freeze                Ice            84%        1d10      1%          1
b - Frozen Ramparts       Ice            42%        1d6       6%          3
c - Ozocubu's Armour      Ice            21%        N/A       6%          3
d - Hailstorm             Conj/Ice       21%        3d6       19%         4
e - Sting                 Tmut/Pois      84%        1d7       1%          1
f - Corpse Rot            Necr/Air       42%        N/A       3%          2
Your spell library was empty.

Dungeon Overview and Level Annotations

Branches:
Dungeon (4/15)
 Temple: D:4-7

Altars:
Gozag
Hepliaklqana
Nemelex Xobeh
Trog
Xom

Annotations:
D:2 Natasha, Sigmund


Innate Abilities, Weirdness & Mutations

You are immune to sickness and miasma.
You are immune to poison.
Your flesh is very heat resistant. (rF++)
You are vulnerable to cold. (rC-)
You float through the air rather than walking.
You learn spells naturally, not from books.
Your magical power is your life essence.
You have superior vitality. (+4 HP)


Message History

The phantom is severely damaged.
The phantom hits you!
* * * LOW HITPOINT WARNING * * *
The phantom blinks!
You blink.
You hit the phantom but do no damage.
The phantom is severely damaged.
The phantom hits you but does no damage.
Casting: Frozen Ramparts (dangerous; 6% risk of failure)
Confirm with . or Enter, or press ? or * to list all spells.
Aiming: Freeze (safe; 1% risk of failure)
Press: ? - help, Shift-Dir - straight line, f - phantom
Aim: a phantom (severely damaged)
You freeze the phantom.
The phantom resists.
The phantom is severely damaged.
* * * LOW HITPOINT WARNING * * *
The phantom hits you.
* * * LOW HITPOINT WARNING * * *
Casting: Freeze (safe; 1% risk of failure)
Confirm with . or Enter, or press ? or * to list all spells.
Aiming: Freeze (safe; 1% risk of failure)
Press: ? - help, Shift-Dir - straight line, f/p - phantom
Aim: a phantom (severely damaged)
You freeze the phantom but do no damage.
The phantom completely resists.
* * * LOW HITPOINT WARNING * * *
The phantom hits you.
* * * LOW HITPOINT WARNING * * *
Casting: Freeze (safe; 1% risk of failure)
Confirm with . or Enter, or press ? or * to list all spells.
Aiming: Freeze (safe; 1% risk of failure)
Press: ? - help, Shift-Dir - straight line, f/p - phantom
Aim: a phantom (severely damaged)
You freeze the phantom.
The phantom resists.
The phantom is severely damaged.
* * * LOW HITPOINT WARNING * * *
The phantom misses you.
You hit the phantom but do no damage.
The phantom is severely damaged.
The phantom hits you.
You die...

######### #.# ### #.###### ##.##
#....... ###.#.## ###### #..#####
.).###.# #..>÷# ##..# ###.#.##
##.##.#####...##### ##.##
##...#.............# #.#
#....#######...##... #.# #..@W#
##..##... #.# #.#### #..##...
##.## #.# #....>.. #...# #.#
##'#####. #...# #.# ##...#####
##...# #.### ##..).#...# ##.#.##
#.#.## #.....#.8.#
#....#########....#####.....#§..#
...................(.§#######§..#


You could see a phantom.

Vanquished Creatures
  A black bear (D:3)
  A kobold brigand (D:3)
  A jelly (D:2)
  Natasha (D:2)
  2 adders
  A dart slug (D:1)
  An orc (D:3)
  4 bats
  7 endoplasms
  3 giant cockroaches
  2 goblins (D:1)
  7 hobgoblins
  2 jackals (D:2)
  4 quokkas
  7 ball pythons
  3 frilled lizards
  6 kobolds
  9 rats
62 creatures vanquished.

Notes
Turn   | Place    | Note
-------+----------+-------------------------------------------
     0 | D:1      | Strat the Djinni Ice Elementalist began the quest for the
                  | Orb.
     0 | D:1      | Reached XP level 1. HP: 15/15 MP: 0/0
   178 | D:1      | Reached skill level 1 in Fighting
   390 | D:1      | Reached XP level 2. HP: 21/22 MP: 0/0
   403 | D:1      | Found a faded altar of an unknown god.
   999 | D:1      | Reached XP level 3. HP: 29/29 MP: 0/0
   999 | D:1      | Learned a level 1 spell: Sting
  1230 | D:2      | Noticed Sigmund
  2016 | D:2      | Reached XP level 4. HP: 17/37 MP: 0/0
  2187 | D:2      | Noticed Natasha
  2282 | D:2      | Killed Natasha
  2283 | D:2      | Reached XP level 5. HP: 25/41 MP: 0/0
  2283 | D:2      | Learned a level 2 spell: Corpse Rot
  2430 | D:2      | Noticed Natasha
  3452 | D:3      | Found a faded altar of an unknown god.
  3453 | D:3      | Noticed a kobold brigand
  3454 | D:3      | Found a hazy altar of Hepliaklqana.
  3467 | D:3      | Killed a kobold brigand
  3734 | D:3      | Reached XP level 6. HP: 48/48 MP: 0/0
  3955 | D:3      | Found a bloodstained altar of Trog.
  3956 | D:3      | Found an opulent altar of Gozag.
  3957 | D:3      | Found a sparkling altar of Nemelex Xobeh.
  3968 | D:3      | Found a shimmering altar of Xom.
  4332 | D:4      | Noticed a black bear
  4461 | D:3      | Killed a black bear
  4769 | D:3      | HP: 2/48 [phantom (2)]
  4771 | D:3      | Slain by a phantom

Illustrated notes

Levels and vault maps discovered:
D:1:      minmay_arrival_semitransparent, layout_rooms,
          hellmonk_ecumenical_altar_lost_god, minmay_misc_feat_more_columns
D:2:      cheibrodos_helix_gallery, layout_rooms, uniq_sigmund, uniq_natasha
D:3:      layout_loops_corners, beargit_hepliaklqana_dungeon_heroes,
          mainiacjoe_overflow_alcove_3
D:4:      layout_basic, minmay_temple_entry_from_below_a

Skill      XL: |  1  2  3  4  5  6 |
---------------+-------------------+-----
Fighting       | 1 2 3 4 |  4.3
Spellcasting   | 4 |  4.6
Dodging        | |  2.1
Stealth        | |  1.5

Action                   |  1- 3 |  4- 6 || total
-------------------------+-------+-------++-------
Melee: Dagger            |     8 |       ||     8
       Short sword       |    44 |    78 ||   122
 Cast: Freeze            |    40 |    21 ||    61
       Frozen Ramparts   |     1 |     9 ||    10
       Ozocubu's Armour  |       |     2 ||     2
       Sting             |       |     1 ||     1
  Use: Scroll            |       |     4 ||     4
       Potion            |       |     1 ||     1
 Stab: Sleeping          |     2 |       ||     2
Armor: Robe              |     8 |    23 ||    31
Dodge: Dodged            |    65 |    78 ||   143

Table legend: (Time is in decaauts)
 A = Elapsed time spent in this place.
 B = Non-inter-level travel time spent in this place.
 C = Inter-level travel time spent in this place.
 D = Time resting spent in this place.
 E = Time spent auto-exploring this place.
 F = Levels seen in this place.
 G = Mean time per level.
                   A        B        C        D        E       F      G
               +--------+--------+--------+--------+--------+-----+--------+
         Total |   4795 |   4610 |    185 |   1788 |   1730 |   4 | 1198.8 |
       Dungeon |   4795 |   4610 |    185 |   1788 |   1730 |   4 | 1198.8 |
               +--------+--------+--------+--------+--------+-----+--------+

Top non-repeatable levels by time:
     D:1: 1757 daAuts
     D:3: 1527 daAuts
     D:2: 1423 daAuts
     D:4: 87 daAuts
